 Dungeon Crawl Stone Soup version 0.32-a0-7-ge934b45 (webtiles) character file.

Game seed: 16086916699885858736

341 PidgeyThePirate the Poker (level 6, -6/48 HPs)
             Began as a Demonspawn Monk on Jan 13, 2024.
             Mangled by a sleepcap (20 damage)
             ... on level 4 of the Dungeon.
             The game lasted 00:06:08 (3684 turns).

PidgeyThePirate the Poker (Demonspawn Monk)         Turns: 3684, Time: 00:06:08

Health: -6/48      AC:  7    Str: 14    XL:     6   Next: 30%
Magic:  8/8        EV:  2    Int: 10    God:
Gold:   180        SH:  0    Dex: 15    Spells: 8/8 levels left

rFire   . . .        a - +0 spear
rCold   . . .        A - +0 buckler
rNeg    . . .        j - +0 ring mail
rPois   .            (helmet restricted)
rElec   .            (no cloak)
rCorr   .            (no gloves)
SInv    .            y - +1 pair of boots
Will    .....        (no amulet)
Stlth   +            (no ring)
HPRegen 0.28/turn    (no ring)
MPRegen 0.11/turn

%: no passive effects
@: sleeping
A: horns 2, demonic guardian 1
a: no special abilities


You were on level 4 of the Dungeon.
You visited 1 branch of the dungeon, and saw 4 of its levels.
You also visited: Sewer.

You collected 180 gold pieces.

Inventory:

Hand Weapons
 a - a +0 spear (weapon)
Armour
 b - a +0 robe
 d - an orb of light
 e - a +0 helmet
 f - a +0 leather armour
 j - a +0 ring mail (worn)
 y - a +1 pair of boots (worn)
 A - a +0 buckler (worn)
 B - a +0 chain mail
Wands
 w - a wand of acid (2)
 x - a wand of polymorph (7)
Scrolls
 g - 5 scrolls of identify {unknown}
 h - a scroll of enchant armour {unknown}
 i - 5 scrolls of fear {unknown}
 l - 2 scrolls of teleportation {unknown}
 m - 3 scrolls of revelation {unknown}
 o - a scroll of enchant weapon {unknown}
 q - a scroll of immolation {unknown}
 r - a scroll of poison {unknown}
Potions
 c - a potion of ambrosia
 k - a potion of brilliance {unknown}
 n - a potion of enlightenment {unknown}
 p - a potion of invisibility {unknown}
 s - a potion of cancellation {unknown}
 t - a potion of lignification {unknown}
 u - 2 potions of heal wounds {unknown}
 v - 3 potions of curing {unknown}
 z - a potion of berserk rage {unknown}


   Skills:
 + Level 3.7 Fighting
 * Level 4.9 Polearms
 + Level 1.3 Armour
 + Level 3.4 Dodging
 + Level 0.2 Stealth
 * Level 1.8 Spellcasting


You had 8 spell levels left.
You didn't know any spells.
Your spell library contained the following spells:

 Spells                   Type           Power      Damage    Failure   Level
 Foxfire                  Conj/Fire      0%         2x1d4     65%         1
 Jinxbite                 Hex            0%         N/A       80%         2
 Summon Ice Beast         Ice/Summ       0%         N/A       95%         3
 Summon Mana Viper        Hex/Summ       0%         N/A       100%        5
 Yara's Violent Unravell  Hex/Alch       0%         3d3       100%        5
 Plasma Beam              Fire/Air       0%         2x1d10    100%        6
 Starburst                Conj/Fire      0%         6d3       100%        6
 Enfeeble                 Hex            0%         N/A       100%        7
 Monstrous Menagerie      Summ           0%         N/A       100%        7


Dungeon Overview and Level Annotations

Branches:
Dungeon (4/15)             Temple (0/1) D:4           Sewer (visited)

Altars:


Innate Abilities, Weirdness & Mutations

You have a pair of horns on your head.
A weak demonic guardian rushes to your aid.


Message History

The sleepcap is moderately damaged.
The sleepcap misses you.
You hit the sleepcap.
You headbutt the sleepcap, but do no damage.
The sleepcap is moderately damaged.
The sleepcap releases spores at you.
You are engulfed in a cloud of soporific spores!
You fall asleep.
The sleepcap completely misses you. The sleepcap releases spores at you!
You wake up.
You are engulfed in a cloud of soporific spores!
You are unaffected.
You hit the sleepcap.
The sleepcap is heavily damaged.
You hit the sleepcap but do no damage.
The sleepcap is heavily damaged.
The sleepcap misses you.
You hit the sleepcap.
The sleepcap is heavily damaged.
The sleepcap releases spores at you but does no damage.
You hit the sleepcap but do no damage.
The sleepcap is heavily damaged.
The sleepcap releases spores at you but does no damage.
You hit the sleepcap.
The sleepcap is heavily damaged.
The sleepcap releases spores at you but does no damage.
You hit the sleepcap. You headbutt the sleepcap.
The sleepcap is severely damaged.
The sleepcap barely misses you.
You hit the sleepcap but do no damage. You headbutt the sleepcap.
The sleepcap is severely damaged.
The sleepcap releases spores at you.
You hit the sleepcap but do no damage.
The sleepcap is severely damaged.
The sleepcap releases spores at you.
* * * LOW HITPOINT WARNING * * *
You are engulfed in a cloud of soporific spores!
You fall asleep.
The sleepcap releases spores at you!!
You die...

#.# ##.#####...#≈≈≈# #.#
#####........>.#≈≈≈# ####.#
#......#####...#≈≈≈#
..##.######.###..#≈≈≈#####≈≈≈#
#...........# ##.#≈≈≈≈≈≈≈≈≈≈≈#
..##.######## #.#≈≈≈≈≈≈≈≈≈≈≈#
#.##.# #.#≈≈≈≈≈≈≈≈≈≈≈# #....#
#.#####.############# #.#.##
#.....@....# #.##.#
##.###f##..# ###### # .... .#
...### # .#..# #....# # ....
.#..#


You could see a sleepcap.

Vanquished Creatures
  2 kobold brigands (Sewer)
  An orc priest (D:3)
  Ijyb (D:3)
  6 adders
  A river rat (D:3)
  4 ribbon worms
  A dart slug (D:1)
  4 orcs (D:3)
  8 ball pythons
  9 endoplasms
  2 giant cockroaches
  3 goblins
  7 hobgoblins
  2 jackals (D:3)
  10 kobolds
  3 quokkas
  6 bats
  3 frilled lizards
  7 rats
80 creatures vanquished.

Vanquished Creatures (collateral kills)
  A frilled lizard (D:3)
  A rat (Sewer)
2 creatures vanquished.

Vanquished Creatures (others)
  A rat (D:1)
1 creature vanquished.

Grand Total: 83 creatures vanquished

Notes
Turn   | Place    | Note
-------+----------+-------------------------------------------
     0 | D:1      | PidgeyThePirate the Demonspawn Monk began the quest for the
                  | Orb.
     0 | D:1      | Reached XP level 1. HP: 18/18 MP: 1/1
   338 | D:1      | Gained mutation: You have a pair of small horns on your
                  | head. [demonic ancestry]
   338 | D:1      | Reached XP level 2. HP: 22/24 MP: 2/2
   582 | D:1      | Reached skill level 3 in Polearms
  1045 | D:2      | Reached XP level 3. HP: 24/29 MP: 3/3
  1916 | D:3      | Gained mutation: A weak demonic guardian rushes to your
                  | aid. [demonic ancestry]
  1916 | D:3      | Reached XP level 4. HP: 35/35 MP: 4/4
  1963 | D:3      | Reached skill level 1 in Spellcasting
  2042 | D:3      | Found a glowing drain.
  2049 | Sewer    | Entered a sewer
  2513 | Sewer    | Noticed a kobold brigand
  2528 | Sewer    | Killed a kobold brigand
  2529 | Sewer    | Reached skill level 4 in Polearms
  2529 | Sewer    | Reached skill level 1 in Armour
  2529 | Sewer    | Reached XP level 5. HP: 9/41 MP: 7/7
  2954 | D:3      | Gained mutation: You have a pair of horns on your head.
                  | [demonic ancestry]
  2954 | D:3      | Reached XP level 6. HP: 47/48 MP: 8/8
  3051 | D:3      | Noticed Ijyb
  3099 | D:3      | Killed Ijyb
  3637 | D:4      | Found a staircase to the Ecumenical Temple.
  3684 | D:4      | Mangled by a sleepcap

Illustrated notes

Levels and vault maps discovered:
D:1:      ebering_trefoil_twist, layout_basic, minmay_misc_feat_tower,
          minmay_misc_feat_chi
D:2:      layout_loops_ring, chequers_mini_garden
D:3:      layout_rooms, gup_sewer_entry_bubbles, minmay_fountain_box, uniq_ijyb
D:4:      wad_river_or_something, layout_loops_ring,
          minmay_temple_entry_poolview

Skill      XL: |  1  2  3  4 |
---------------+-------------+-----
Polearms       | 3 4 |  4.9
Dodging        | 3 |  3.4
Spellcasting   | 1 |  1.8
Armour         | 1 |  1.3
Fighting       | |  3.7
Stealth        | |  0.2

Action                     |  1- 3 |  4- 6 || total
---------------------------+-------+-------++-------
  Melee: Spear             |   112 |   221 ||   333
         Headbutt          |    19 |    44 ||    63
         Unarmed           |       |     8 ||     8
   Stab: Distracted        |       |     1 ||     1
 Armour: Robe              |     5 |       ||     5
         Leather armour    |     8 |       ||     8
         Ring mail         |    37 |   102 ||   139
         Skin              |       |    24 ||    24
  Dodge: Dodged            |    54 |    87 ||   141
  Block: Buckler           |       |     2 ||     2

Table legend: (Time is in decaauts)
 A = Elapsed time spent in this place.
 B = Non-inter-level travel time spent in this place.
 C = Inter-level travel time spent in this place.
 D = Time resting spent in this place.
 E = Time spent auto-exploring this place.
 F = Levels seen in this place.
 G = Mean time per level.
                   A        B        C        D        E       F      G
               +--------+--------+--------+--------+--------+-----+--------+
         Total |   3758 |   3551 |    207 |      0 |   2742 |   5 |  751.6 |
       Dungeon |   2900 |   2693 |    207 |      0 |   2080 |   4 |  725.0 |
         Sewer |    858 |    858 |      0 |      0 |    661 |   1 |  858.0 |
               +--------+--------+--------+--------+--------+-----+--------+

Top non-repeatable levels by time:
     D:1: 965 daAuts
     D:3: 924 daAuts
     D:2: 861 daAuts
   Sewer: 858 daAuts
     D:4: 149 daAuts
